 Dungeon Crawl Stone Soup version 0.29.1-1-gd02db6906a (webtiles) character file.

Game seed: 4357982150006295965

2679 JohnEldenRing the Cleaver (level 9, -9/111 HPs)
             Began as a Gnoll Berserker on Oct 1, 2022.
             Was a Priest of Trog.
             Mangled by a hornet (12 damage)
             ... on level 8 of the Dungeon.
             The game lasted 00:37:29 (8158 turns).

JohnEldenRing the Cleaver (Gnoll Berserker)         Turns: 8158, Time: 00:37:30

Health: -9/111     AC:  9    Str: 25    XL:     9   Next: 64%
Magic:  15/15      EV: 15    Int: 10    God:    Trog [***...]
Gold:   364        SH:  0    Dex: 16    Spells: 17/17 levels left

rFire   + . .      SeeInvis .   B - +0 battleaxe
rCold   x . .      Faith    .   (shield currently unavailable)
rNeg    . . .      Spirit   .   D - +4 robe of Augmentation {Str+4 Int+4 Dex+4}
rPois   .          Reflect  .   G - +0 helmet
rElec   .          Harm     .   (no cloak)
rCorr   .          Rampage  .   l - +0 pair of gloves
Will    ++...                   (no boots)
Stlth   ..........              v - amulet of the acrobat
HPRegen 1.28/turn               f - ring of fire
MPRegen 0.14/turn               (no ring)

@: berserking (expiring), lethally poisoned (-9 -> -11), strong-willed,
regenerating, slowed
A: fangs 1, strong nose, distributed training
a: Renounce Religion, Berserk, Trog's Hand


You were on level 8 of the Dungeon.
You worshipped Trog.
Trog was most pleased with you.
You visited 1 branch of the dungeon, and saw 8 of its levels.

You collected 364 gold pieces.

Inventory:

Hand Weapons
 a - a +2 mace of protection
 k - a +0 sling
 q - a +3 long sword of freezing
 u - a +0 dire flail of draining
 B - a +0 battleaxe (weapon)
 H - a +2 hand axe of venom
Missiles
 s - 4 javelins
 I - a boomerang (quivered)
Armour
 l - a +0 pair of gloves (worn)
 w - a +2 leather armour of cold resistance
 D - the +4 robe of Augmentation (worn) {Str+4 Int+4 Dex+4}
   (You found it on level 7 of the Dungeon)

   Str:       It affects your strength (+4).
   Int:       It affects your intelligence (+4).
   Dex:       It affects your dexterity (+4).
 G - a +0 helmet (worn)
Jewellery
 f - a ring of fire (left hand)
 v - an amulet of the acrobat (around neck)
 C - a ring of ice
Wands
 r - a wand of mindburst (13)
 A - a wand of flame (20)
Scrolls
 b - 3 scrolls of identify
 c - 2 scrolls of fear {unknown}
 e - 4 scrolls of teleportation
 g - a scroll of fog {unknown}
 h - a scroll of enchant weapon {unknown}
 m - a scroll of vulnerability {unknown}
 n - a scroll of enchant armour {unknown}
 p - a scroll of poison {unknown}
 x - a scroll of amnesia {unknown}
 y - a scroll of torment {unknown}
 z - a scroll of brand weapon {unknown}
 E - a scroll of magic mapping {unknown}
Potions
 d - a potion of might
 i - a potion of heal wounds {unknown}
 j - a potion of cancellation
 o - a potion of flight {unknown}
 t - 2 potions of brilliance
 F - a potion of haste {unknown}


   Skills:
 + Level 8.1 Fighting
 + Level 4.6 Short Blades
 + Level 4.6 Long Blades
 + Level 8.1 Axes
 + Level 4.6 Maces & Flails
 + Level 4.6 Polearms
 + Level 4.6 Staves
 + Level 4.6 Ranged Weapons
 + Level 4.6 Throwing
 + Level 6.6 Armour
 + Level 6.6 Dodging
 + Level 4.6 Stealth
 + Level 4.6 Shields
 + Level 4.6 Unarmed Combat
 + Level 4.6 Spellcasting
 + Level 3.8 Conjurations
 + Level 3.8 Hexes
 + Level 3.8 Summonings
 + Level 3.8 Necromancy
 + Level 3.8 Translocations
 + Level 3.8 Transmutations
 + Level 3.8 Fire Magic
 + Level 3.8 Ice Magic
 + Level 3.8 Air Magic
 + Level 3.8 Earth Magic
 + Level 3.8 Poison Magic
 + Level 5.1 Invocations
 + Level 4.6 Evocations


You had 17 spell levels left.
You didn't know any spells.
Your spell library was empty.

Dungeon Overview and Level Annotations

Branches:
Dungeon (8/15)             Temple (0/1) D:7
   Lair: D:8-11

Altars:
Nemelex Xobeh
Qazlal
Sif Muna


Innate Abilities, Weirdness & Mutations

You have very sharp teeth.
Your uncanny sense of smell can sniff out nearby items.
Your experience applies equally to all skills.


Message History

You are more poisoned.
You feel as though you will be slow longer.
You feel very sick. The hornet completely misses you.
The hornet stings you but does no damage.
You can move again.
Your skin crawls.
You feel strong-willed.
You feel very sick. The hornet barely misses you. The hornet stings you!
You feel as though you will be slow longer.
A red film seems to cover your vision as you go berserk!
You feel yourself moving faster!
You feel mighty!
You feel very sick. The hornet stings you!
You are more poisoned.
You suddenly lose the ability to move!
The hornet stings you.
* * * LOW HITPOINT WARNING * * *
You feel as though you will be slow longer.
You feel very sick. The hornet stings you.
* * * LOW HITPOINT WARNING * * *
You feel as though you will be slow longer.
The hornet stings you!
* * * LOW HITPOINT WARNING * * *
You feel as though you will be slow longer.
You feel very sick. The hornet stings you!
* * * LOW HITPOINT WARNING * * *
You feel as though you will be slow longer.
You can move again.
You closely miss the hornet.
The hornet is moderately wounded.
* * * LOW HITPOINT WARNING * * *
You feel very sick. The hornet stings you.
* * * LOW HITPOINT WARNING * * *
You feel as though you will be slow longer.
The hornet stings you!
You die...

#.............#
#.............#
...#....<.......#
. ##...........##
##...........#
##.......<..#
##........##
##........#
#.@##..####
......y######
......# ......
...... .....
.....∆ ....


You could see a hornet.

Vanquished Creatures
  Sigmund (D:3)
  Eustachio (D:4)
  A steam dragon (D:6)
  Menkaure (D:7)
  Edmund (D:4)
  Duvessa (D:7)
  An ice beast (D:6)
  A sky beast (D:7)
  2 black bears
  An ogre (D:6)
  3 phantoms
  A kobold brigand (D:7)
  A bullfrog (D:6)
  A gnoll sergeant (D:6)
  3 scorpions
  5 wights (D:5)
  Dowan (D:7)
  3 hounds
  An orc priest (D:7)
  2 jellies (D:6)
  Jessica (D:3)
  3 iguanas
  3 orc wizards
  3 gnolls (D:6)
  8 adders
  A shadow imp (D:6)
  A white imp (D:6)
  2 ufetubi
  A worm (D:4)
  3 dart slugs
  20 orcs
  5 bats
  4 endoplasms
  4 giant cockroaches
  9 goblins
  5 hobgoblins
  14 kobolds
  6 quokkas
  3 ball pythons (D:3)
  2 frilled lizards
  4 rats
134 creatures vanquished.

Notes
Turn   | Place    | Note
-------+----------+-------------------------------------------
     0 | D:1      | JohnEldenRing the Gnoll Berserker began the quest for the
                  | Orb.
     0 | D:1      | Reached XP level 1. HP: 23/23 MP: 1/1
   106 | D:1      | Reached XP level 2. HP: 16/29 MP: 2/2
   415 | D:1      | Found a faded altar of an unknown god.
   891 | D:1      | Reached XP level 3. HP: 35/35 MP: 3/3
  1556 | D:2      | Reached skill level 1 in Invocations
  1569 | D:2      | Reached skill level 1 in Short Blades
  1569 | D:2      | Reached skill level 1 in Long Blades
  1569 | D:2      | Reached skill level 1 in Maces & Flails
  1569 | D:2      | Reached skill level 1 in Polearms
  1569 | D:2      | Reached skill level 1 in Staves
  1569 | D:2      | Reached skill level 1 in Ranged Weapons
  1569 | D:2      | Reached skill level 1 in Throwing
  1569 | D:2      | Reached skill level 1 in Stealth
  1569 | D:2      | Reached skill level 1 in Shields
  1569 | D:2      | Reached skill level 1 in Unarmed Combat
  1569 | D:2      | Reached skill level 1 in Spellcasting
  1569 | D:2      | Reached skill level 1 in Evocations
  1753 | D:3      | Reached XP level 4. HP: 39/41 MP: 5/5
  1807 | D:4      | Noticed a scorpion
  1818 | D:4      | Killed a scorpion
  1819 | D:4      | Reached skill level 1 in Conjurations
  1819 | D:4      | Reached skill level 1 in Hexes
  1819 | D:4      | Reached skill level 1 in Summonings
  1819 | D:4      | Reached skill level 1 in Necromancy
  1819 | D:4      | Reached skill level 1 in Translocations
  1819 | D:4      | Reached skill level 1 in Transmutations
  1819 | D:4      | Reached skill level 1 in Fire Magic
  1819 | D:4      | Reached skill level 1 in Ice Magic
  1819 | D:4      | Reached skill level 1 in Air Magic
  1819 | D:4      | Reached skill level 1 in Earth Magic
  1819 | D:4      | Reached skill level 1 in Poison Magic
  1994 | D:4      | Noticed a phantom
  2005 | D:4      | Killed a phantom
  2006 | D:4      | Reached XP level 5. HP: 47/47 MP: 7/7
  2063 | D:4      | Found a sparkling altar of Nemelex Xobeh.
  2072 | D:5      | Entered Level 5 of the Dungeon
  2263 | D:5      | Noticed a phantom
  2272 | D:5      | Killed a phantom
  2273 | D:5      | Reached skill level 5 in Armour
  2273 | D:5      | Reached skill level 5 in Dodging
  2273 | D:5      | Reached XP level 6. HP: 53/53 MP: 8/8
  2828 | D:4      | You fall into a shaft and drop 1 floor!
  2855 | D:5      | Found a shimmering blue altar of Sif Muna.
  2948 | D:5      | Found a stormy altar of Qazlal.
  2950 | D:5      | Noticed an air elemental
  2951 | D:5      | Noticed a water elemental
  2951 | D:5      | Noticed a fire elemental
  2990 | D:5      | Noticed a black bear
  3004 | D:5      | Killed a black bear
  3068 | D:5      | Reached XP level 7. HP: 57/60 MP: 10/10
  3181 | D:5      | You fall into a shaft and drop 1 floor!
  3238 | D:6      | Noticed a steam dragon
  3252 | D:6      | Killed a steam dragon
  3521 | D:6      | Reached XP level 8. HP: 65/67 MP: 12/12
  3523 | D:6      | Reached ** piety under Trog
  3845 | D:4      | Noticed Edmund
  3865 | D:4      | Killed Edmund
  4138 | D:4      | Noticed Eustachio
  4151 | D:4      | Killed Eustachio
  4940 | D:3      | Noticed Jessica
  4947 | D:3      | Killed Jessica
  4948 | D:3      | Reached XP level 9. HP: 73/73 MP: 14/14
  4985 | D:3      | Identified the +0 robe of Miokyin {Int+7 Dex+3}
  5331 | D:3      | Noticed Sigmund
  5346 | D:3      | Killed Sigmund
  6296 | D:7      | Noticed Duvessa
  6296 | D:7      | Noticed Dowan
  6301 | D:7      | Killed Duvessa
  6302 | D:7      | Killed Dowan
  6502 | D:7      | Found the +4 robe of Augmentation {Str+4 Int+4 Dex+4}
  6545 | D:7      | Noticed Menkaure
  6557 | D:7      | Killed Menkaure
  6585 | D:7      | Found a staircase to the Ecumenical Temple.
  6614 | D:7      | Reached *** piety under Trog
  7180 | D:7      | Reached skill level 5 in Invocations
  8147 | D:8      | Noticed a hornet
  8151 | D:8      | Paralysed by a hornet for 3 turns
  8155 | D:8      | Paralysed by a hornet for 3 turns
  8158 | D:8      | HP: 4/111 [poisoned by a hornet]
  8158 | D:8      | Mangled by a hornet

Illustrated notes

Levels and vault maps discovered:
D:1:      co_arrival_random_square_maze, layout_loops_ring,
          shapermc_ecumenical_altar_venn, minmay_three_crescents
D:2:      layout_loops_ring
D:3:      layout_basic, uniq_sigmund, uniq_jessica
D:4:      layout_basic, mainiacjoe_overflow_surrounded_room, uniq_edmund,
          uniq_eustachio
D:5:      layout_basic, led_sif_book, nicolae_qazlal_style_of_elements
D:6:      layout_loops_ring, chequers_hall_statues_wall_a
D:7:      layout_basic, minmay_temple_entry_grid, uniq_menkaure, uniq_duvessa
D:8:      layout_cave_pods, uniq_prince_ribbit1

Skill      XL: |  1  2  3  4  5  6  7  8  9 |
---------------+----------------------------+-----
Invocations    | 1 2 3 4 5 |  5.1
Short Blades   | 1 2 3 4 |  4.6
Long Blades    | 1 2 3 4 |  4.6
Maces & Flails | 1 2 3 4 |  4.6
Polearms       | 1 2 3 4 |  4.6
Staves         | 1 2 3 4 |  4.6
Ranged Weapons | 1 2 3 4 |  4.6
Throwing       | 1 2 3 4 |  4.6
Stealth        | 1 2 3 4 |  4.6
Shields        | 1 2 3 4 |  4.6
Unarmed Combat | 1 2 3 4 |  4.6
Spellcasting   | 1 2 3 4 |  4.6
Evocations     | 1 2 3 4 |  4.6
Conjurations   | 1 2 3 |  3.8
Hexes          | 1 2 3 |  3.8
Summonings     | 1 2 3 |  3.8
Necromancy     | 1 2 3 |  3.8
Translocations | 1 2 3 |  3.8
Transmutations | 1 2 3 |  3.8
Fire Magic     | 1 2 3 |  3.8
Ice Magic      | 1 2 3 |  3.8
Air Magic      | 1 2 3 |  3.8
Earth Magic    | 1 2 3 |  3.8
Poison Magic   | 1 2 3 |  3.8
Armour         | 5 6 |  6.6
Dodging        | 5 6 |  6.6
Fighting       | 7 8 |  8.1
Axes           | 7 8 |  8.1

Action                   |  1- 3 |  4- 6 |  7- 9 || total
-------------------------+-------+-------+-------++-------
Melee: Hand axe          |    63 |    20 |    63 ||   146
       Bite              |     9 |     6 |    25 ||    40
       Punch             |     1 |     2 |     2 ||     5
       Dagger            |    38 |    80 |       ||   118
       Long sword        |       |       |   106 ||   106
       Battleaxe         |       |       |    44 ||    44
Throw: Stone             |       |    20 |       ||    20
       Javelin           |       |       |    44 ||    44
       Boomerang         |       |       |     1 ||     1
Invok: Berserk           |     1 |     4 |     6 ||    11
       Trog's Hand       |       |       |     1 ||     1
Evoke: Wand              |       |       |     6 ||     6
  Use: Scroll            |       |     5 |     3 ||     8
 Stab: Sleeping          |     1 |       |     8 ||     9
Armor: Animal skin       |     3 |       |       ||     3
       Leather armour    |     6 |       |     8 ||    14
       Scale mail        |    19 |    39 |    31 ||    89
       Ring mail         |     2 |       |       ||     2
       Steam dragon scal |       |       |    25 ||    25
       Robe              |       |       |    16 ||    16
Dodge: Dodged            |    71 |    47 |   218 ||   336
